 Dungeon Crawl Stone Soup version 0.28.0-1-gb440e238dd (webtiles) character file.

Game seed: 17987622396937962287

1563 chmiii the Cudgeller (level 8, -1/80 HPs)
             Began as a Troll Hunter on Feb 19, 2022.
             Was a Follower of Trog.
             Engulfed by a steam dragon's steam (9 damage)
             ... on level 6 of the Dungeon.
             The game lasted 00:29:52 (4652 turns).

chmiii the Cudgeller (Troll Hunter)                 Turns: 4652, Time: 00:29:53

Health: -1/80      AC:  5    Str: 21    XL:     8   Next: 58%
Magic:  0/16       EV: 10    Int:  7    God:    Trog [*.....]
Gold:   175        SH:  0    Dex: 12    Spells: 7/7 levels left

rFire   . . .      SeeInvis .   (no weapon)
rCold   . . .      Faith    .   (no shield)
rNeg    . . .      Spirit   +   e - +1 robe
rPois   .          Reflect  .   (helmet restricted)
rElec   .          Harm     .   (no cloak)
rCorr   .          Rampage  .   (gloves unavailable)
Will    .....                   (boots unavailable)
Stlth   +.........              o - amulet of guardian spirit
HPRegen 1.03/turn               r - ring of magical power
MPRegen 0.15/turn               (no ring)

@: about to teleport
A: large, unfitting armour, claws 3, regeneration 1, shaggy fur 1, tough skin 1
a: Renounce Religion, Berserk


You were on level 6 of the Dungeon.
You worshipped Trog.
Trog was aware of your devotion.
You visited 1 branch of the dungeon, and saw 6 of its levels.
You also visited: Sewer.

You collected 175 gold pieces.

Inventory:

Hand Weapons
 b - a +0 hunting sling of freezing
 l - a +0 flail
Missiles
 c - 3 large rocks
 d - a throwing net (quivered)
 j - 6 boomerangs
 n - 14 poisoned darts
 s - 37 sling bullets
 w - 3 datura-tipped darts
Armour
 e - a +1 robe (worn)
Jewellery
 o - an amulet of guardian spirit (around neck)
 r - a ring of magical power (left claw)
Wands
 q - a wand of polymorph (20)
 x - a wand of iceblast (12)
Scrolls
 f - 3 scrolls of teleportation
 h - 2 scrolls of torment
 m - a scroll of fog {unknown}
 t - 2 scrolls of magic mapping {unknown}
 v - a scroll of fear {unknown}
 y - a scroll of vulnerability {unknown}
 z - a scroll of immolation {unknown}
Potions
 a - a potion of lignification
 g - 2 potions of berserk rage
 i - 2 potions of brilliance
 k - a potion of cancellation
 p - a potion of resistance
 B - a potion of attraction
 C - a potion of mutation


   Skills:
 + Level 5.3 Fighting
 * Level 7.8 Maces & Flails
 - Level 4.0 Throwing
 - Level 2.0 Dodging
 - Level 0.3 Stealth


You had 7 spell levels left.
You didn't know any spells.
Your spell library contained the following spells:

 Spells                   Type           Power      Damage    Failure   Level
 Animate Skeleton         Necr           0%         N/A       43%         1
 Pain                     Necr           0%         1d4       43%         1
 Vampiric Draining        Necr           0%         2d6       80%         3


Dungeon Overview and Level Annotations

Branches:
Dungeon (6/15)             Temple (0/1) D:6           Sewer (visited)

Altars:
Qazlal
Ru
Trog


Innate Abilities, Weirdness & Mutations

You are too large for most types of armour.
You have claws for hands.
Your natural rate of healing is unusually fast.
You are covered in fur. (AC +1)
You have tough skin. (AC +1)


Message History

The steam dragon is moderately wounded.
The steam dragon struggles against the net.
You scratch the steam dragon.
The steam dragon is moderately wounded.
The steam dragon struggles against the net.
You scratch the steam dragon but do no damage.
The steam dragon is moderately wounded.
The steam dragon struggles against the net.
You scratch the steam dragon.
The steam dragon is moderately wounded.
The steam dragon breathes steam at you. The ball of steam hits you!!
* * * LOW HITPOINT WARNING * * *
The steam dragon struggles against the net.
The net rips apart, and the steam dragon comes free!
You closely miss the steam dragon.
The steam dragon is moderately wounded.
The steam dragon closely misses you. The steam dragon barely misses you.
You barely miss the steam dragon.
The steam dragon is moderately wounded.
The steam dragon bites you but does no damage.
The steam dragon claws you but does no damage.
You closely miss the steam dragon.
The steam dragon is moderately wounded.
The steam dragon bites you.
* * * LOW HITPOINT WARNING * * *
The steam dragon claws you.
You scratch the steam dragon but do no damage.
The steam dragon is moderately wounded.
The steam dragon breathes steam at you. The ball of steam hits you!
* * * LOW HITPOINT WARNING * * *
As you read the scroll of teleportation, it crumbles to dust.
You feel strangely unstable.
You are engulfed in a cloud of scalding steam.
* * * LOW HITPOINT WARNING * * *
The steam dragon barely misses you. x2
You feel better.
You are engulfed in a cloud of scalding steam.
You die...

#....#....# #.....# #....#....#
#.....# #....'....# #.....# #+
##..##....####.....#
##..######..#####......#####
.............#..#....>.#
.............#..#.[....#
.............#..#......#
.............D@ยง#......#
########+########......########
........................#..#
......................#.....
......................#.....
......................#.....
......................#.....
......................#.....
........[.....).......######


You could see a steam dragon.

Vanquished Creatures
  A water moccasin (D:6)
  A sky beast (D:6)
  2 black bears (D:5)
  A necrophage (D:5)
  3 ogres
  A phantom (D:5)
  2 scorpions
  A water moccasin skeleton (D:5)
  A centaur zombie (D:5)
  2 hounds
  2 orc priests (D:4)
  Jessica (D:2)
  Natasha (thrice) (D:2)
  3 orc wizards
  2 hound skeletons (D:5)
  11 adders
  An ufetubus (D:3)
  3 worms
  4 dart slugs
  25 orcs
  8 ball pythons
  5 endoplasms
  4 giant cockroaches
  7 goblins
  3 hobgoblins
  16 jackals
  4 quokkas
  4 bats
  11 frilled lizards
  9 kobolds
  2 rats
143 creatures vanquished.

Notes
Turn   | Place    | Note
-------+----------+-------------------------------------------
     0 | D:1      | chmiii the Troll Hunter began the quest for the Orb.
     0 | D:1      | Reached XP level 1. HP: 19/19 MP: 0/0
   237 | D:1      | Reached XP level 2. HP: 28/28 MP: 1/1
   303 | D:1      | Reached skill level 1 in Maces & Flails
   328 | D:1      | Reached XP level 3. HP: 33/35 MP: 2/2
   456 | D:1      | Found a faded altar of an unknown god.
   794 | D:2      | Noticed Jessica
   796 | D:2      | Killed Jessica
   797 | D:2      | Reached skill level 2 in Maces & Flails
   799 | D:2      | Reached XP level 4. HP: 42/42 MP: 3/3
   835 | D:2      | Noticed Natasha
   850 | D:2      | Killed Natasha
   984 | D:2      | Noticed Natasha
   985 | D:2      | Killed Natasha
  1097 | D:2      | Noticed Natasha
  1121 | D:2      | Killed Natasha
  1122 | D:2      | Reached skill level 3 in Maces & Flails
  1122 | D:2      | Reached XP level 5. HP: 50/50 MP: 4/4
  2029 | D:4      | Reached XP level 6. HP: 61/61 MP: 5/5
  2050 | D:4      | Reached skill level 4 in Maces & Flails
  2528 | D:4      | Identified the +8 long sword of Resourcefulness {flame, rF+
                  | rC- rN+ Int+8}
  2663 | D:4      | Reached skill level 5 in Maces & Flails
  2663 | D:4      | Reached XP level 7. HP: 67/67 MP: 6/6
  2730 | D:4      | Found a bloodstained altar of Trog.
  2781 | D:4      | Became a worshipper of Trog the Wrathful
  3166 | D:5      | Entered Level 5 of the Dungeon
  3358 | D:5      | Found a stormy altar of Qazlal.
  3417 | D:5      | Reached skill level 6 in Maces & Flails
  3558 | D:5      | Reached XP level 8. HP: 79/79 MP: 7/7
  3872 | D:5      | Reached * piety under Trog
  3881 | D:5      | Reached skill level 7 in Maces & Flails
  3955 | D:6      | Found a sacrificial altar of Ru.
  4028 | D:6      | Found a staircase to the Ecumenical Temple.
  4054 | D:6      | Reached skill level 5 in Fighting
  4101 | D:6      | Found a glowing drain.
  4120 | Sewer    | Entered a sewer
  4651 | D:6      | HP: 2/80 [steam dragon] (6)]
  4652 | D:6      | Engulfed by a steam dragon's steam

Illustrated notes

Levels and vault maps discovered:
D:1:      dpeg_arrival_pits, layout_rooms,
          hellmonk_ecumenical_altar_inner_sanctum
D:2:      layout_basic, uniq_natasha, uniq_jessica
D:3:      layout_basic
D:4:      layout_cave_pods, trog_antimagical
D:5:      layout_basic, grunt_qazlal_clouds
D:6:      layout_gridville, kennysheep_mini_moat, nzn_wu_jian_council_hall,
          minmay_temple_entry_slanted, cheibrodos_sewer_entry_drain

Skill      XL: |  1  2  3  4  5  6  7  8 |
---------------+-------------------------+-----
Maces & Flails | 1 2 3 5 6 7 |  7.8
Dodging        | 2 |  2.0
Fighting       | 2 3 4 5 |  5.3
Throwing       | 4 |  4.0
Stealth        | |  0.3

Action                   |  1- 3 |  4- 6 |  7- 9 || total
-------------------------+-------+-------+-------++-------
Melee: Unarmed           |    85 |   159 |   161 ||   405
       Punch             |       |     3 |       ||     3
 Fire: Hunting sling     |       |    72 |    43 ||   115
Throw: Large rock        |     4 |     5 |    14 ||    23
       Dart              |       |     4 |     5 ||     9
       Boomerang         |       |       |    10 ||    10
       Throwing net      |       |       |     1 ||     1
  Use: Scroll            |       |     9 |     6 ||    15
       Potion            |       |       |     1 ||     1
Armor: Robe              |    50 |    64 |    58 ||   172
       Skin              |       |     1 |       ||     1
Dodge: Dodged            |    51 |    89 |    86 ||   226
